AoeStats
← Mr.Buffy

Coastal Forest

510429374Analyzed
2v2 RM · 2d ago on Oct 1, 2026· 19m 55s· 4 players
Game mode
Random Map
Map size
Medium (4 player)
Population
200
Speed
Normal
Resources
Standard
Victory
Conquest
Starting age
Dark Age
Ending age
Imperial Age
RankedLock teamsTeams togetherTeam positionsShared explorationLock speedFull tech treeHidden civsTurbo modeCheats
Victory
Defeat
🇺🇸 Ethiopians · United States
1088
+13
🇺🇸 Byzantines · United States
961
+19
🇺🇸 Persians · United States
1016
-16
🇺🇸 Ethiopians · United States
1015
-16
nolesallday
8:30 Loom
11:04 Feudal Age
12:02 Double-Bit Axe
15:09 Horse Collar
19:19 Castle Age
19:42 Bloodlines
barfthom
7:39 Loom
10:06 Feudal Age
10:40 Double-Bit Axe
13:30 Horse Collar
14:26 Gold Mining
17:22 Town Watch
19:02 Fletching
Mr.Buffy
10:52 Feudal Age
10:08 Loom
12:24 Horse Collar
14:52 Fletching
15:29 Double-Bit Axe
19:34 Castle Age
18:44 Padded Archer Armor
19:38 Crossbowman
20:15 Bodkin Arrow
Glowie_Bot
12:22 Feudal Age
13:01 Loom
13:33 Double-Bit Axe
14:34 Horse Collar
16:56 Scale Barding Armor
19:21 Forging
Connection lost

Rejoining the realm…

Still unreachable

The connection could not be restored.

Session expired

The server has moved on; the page needs a fresh start.